 Dungeon Crawl Stone Soup version 0.30-a0-313-gae38170b09 (webtiles) character file.

Game seed: 14651680311367437247

49 KennySheep the Conjurer (level 3, -1/26 HPs)
             Began as a Demigod Conjurer on Oct 27, 2022.
             Slain by Natasha (8 damage)
             ... on level 2 of the Dungeon.
             The game lasted 00:03:38 (1402 turns).

KennySheep the Conjurer (Demigod Conjurer)          Turns: 1402, Time: 00:03:39

Health: -1/26      AC:  2    Str: 12    XL:     3   Next: 33%
Magic:  7/8        EV: 11    Int: 20    God:
Gold:   92         SH:  3    Dex: 12    Spells: 5/6 levels left

rFire   . . .      SeeInvis .    (no weapon)
rCold   . . .      Faith    .    c - +0 buckler
rNeg    . . .      Spirit   .    a - +0 robe
rPois   .          Reflect  .    (no helmet)
rElec   .          Harm     .    (no cloak)
rCorr   .          Rampage  .    (no gloves)
Will    .....                    (no boots)
Stlth   ++........               (no amulet)
HPRegen 0.24/turn                (no ring)
MPRegen 0.11/turn                (no ring)

@: hasted, very quick
A: high MP 1, forlorn, divine attributes
a: no special abilities


You were on level 2 of the Dungeon.
You visited 1 branch of the dungeon, and saw 2 of its levels.

You collected 92 gold pieces.

Inventory:

Armour
 a - a +0 robe (worn)
 c - a +0 buckler (worn)
Scrolls
 g - a scroll of teleportation {unknown}
 h - a scroll of magic mapping {unknown}
Potions
 d - a potion of resistance {unknown}
 f - a potion of curing {unknown}
 i - a potion of mutation {unknown}


   Skills:
 - Level 1.7 Dodging
 - Level 1.7 Stealth
 + Level 0.7 Unarmed Combat
 + Level 2.1 Spellcasting
 * Level 4.1 Conjurations
 - Level 1.0 Translocations
 * Level 0.9 Transmutations


You had 5 spell levels left.
You knew the following spells:

 Your Spells              Type           Power      Damage    Failure   Level
a - Magic Dart            Conj           72%        1d6       4%          1

Your spell library contained the following spells:

 Spells                   Type           Power      Damage    Failure   Level
 Searing Ray              Conj           36%        2d5       6%          2
 Dazzling Flash           Conj/Hex       20%        N/A       26%         3
 Call Imp                 Summ           2%         N/A       32%         2
 Mephitic Cloud           Conj/Pois/Air  7%         N/A       36%         3
 Iskenderun's Mystic Bla  Conj/Tloc      12%        2d5       58%         4
 Fulminant Prism          Conj/Hex       5%         3d7       65%         4


Dungeon Overview and Level Annotations

Branches:
Dungeon (2/15)

Shops:
D:1 :

Annotations:
D:2 Natasha


Innate Abilities, Weirdness & Mutations

You have an increased reservoir of magic. (+10% MP)
You shall have no god before yourself.
Your divine heritage dramatically boosts your attributes as you level up.


Message History

The magic dart hits you. The shadow imp hits you.
Natasha attacks as you move away! Natasha claws you.
* * * LOW HITPOINT WARNING * * *
Aiming: Magic Dart (safe; 4% risk of failure)
Press: ? - help, Q - select action Shift-Dir - straight line, f/p - Natasha
Aim: Natasha (almost dead, 100% to hit)
The magic dart hits Natasha but does no damage.
Natasha is almost dead.
You block Natasha's attack.
Aiming: Magic Dart (safe; 4% risk of failure)
Press: ? - help, Q - select action Shift-Dir - straight line, f/p - Natasha
Aim: Natasha (almost dead, 100% to hit)
The magic dart hits Natasha.
You kill Natasha!
Natasha growls in agony!
The shadow imp disappears in a puff of smoke!
Your Conjurations skill increases to level 4!
You have reached level 3!
Your experience leads to a dramatic increase in your attributes!
Increase (S)trength, (I)ntelligence, or (D)exterity?
You feel stronger. x4
You start resting.
Magic restored.
You start resting.
Natasha, Servant of Life and Death comes into view.
Natasha howls an incantation.
You feel disoriented.
Natasha drinks a potion.
Natasha seems to speed up.
Natasha casts a spell at you. The magic dart hits you!
* * * LOW HITPOINT WARNING * * *
Casting: Magic Dart (safe; 4% risk of failure)
Confirm with . or Enter, or press ? or * to list all spells.
Aiming: Magic Dart (safe; 4% risk of failure)
Press: ? - help, Shift-Dir - straight line, f - Natasha
Aim: Natasha (fast, 100% to hit)
The magic dart hits Natasha.
Natasha is moderately wounded.
You feel yourself speed up. Natasha barely misses you. Natasha claws you!
You die...

##...# #............#...
#....#####..............
#........#............#
#....##....h.#.#.##...#
#....##......#.#......#
..#....##..h.....†.##...#
#.##.†.........#.#.##...#
#.......#h.†...#h#.##...#
.##...#.#......#@#......#
........#.######.##$##.##
####.............##.##.#
#.......>............
#.........#...........
#.........#..........##
####...................h.
.............#..........#
.##.........>#.........<.


You could see Natasha (fast).

Vanquished Creatures
  Natasha (D:2)
  A dart slug (D:1)
  A bat (D:1)
  2 endoplasms
  3 giant cockroaches
  A goblin (D:2)
  A hobgoblin (D:1)
  A quokka (D:1)
  4 ball pythons (D:1)
  2 frilled lizards (D:1)
  2 kobolds
  3 rats
22 creatures vanquished.

Notes
Turn   | Place    | Note
-------+----------+-------------------------------------------
     0 | D:1      | KennySheep the Demigod Conjurer began the quest for the
                  | Orb.
     0 | D:1      | Reached XP level 1. HP: 14/14 MP: 5/5
   349 | D:1      | Found Ginu's Book Boutique.
   517 | D:1      | Reached XP level 2. HP: 20/20 MP: 2/7
   686 | D:1      | Reached skill level 1 in Translocations
  1349 | D:2      | Noticed Natasha
  1365 | D:2      | Killed Natasha
  1366 | D:2      | Reached skill level 4 in Conjurations
  1366 | D:2      | Reached XP level 3. HP: 5/26 MP: 5/8
  1394 | D:2      | Noticed Natasha
  1402 | D:2      | Slain by Natasha

Illustrated notes

Levels and vault maps discovered:
D:1:      lemuel_arrival_muddy, layout_loops_ring, serial_aquarium,
          aquarium_bridge_island_small [aquarium_subvault_small_water,
          aquarium_subvault_wall, aquarium_subvault_window,
          aquarium_subvault_bridge, aquarium_subvault_window],
          aquarium_window_1, aquarium_window_2, aquarium_window_corridor_3,
          aquarium_window_1, aquarium_view_2e, aquarium_balcony_5b,
          aquarium_pool_split, serial_shops, shop
D:2:      layout_rooms, uniq_natasha

Skill      XL: |  1  2 |
---------------+-------+-----
Translocations | 1 |  1.0
Spellcasting   | 2 |  2.1
Conjurations   | 4 |  4.1
Dodging        | |  1.7
Stealth        | |  1.7
Unarmed Combat | |  0.7
Transmutations | |  0.9

Action                   || total
-------------------------++-------
Melee: Unarmed           ||    10
 Cast: Magic Dart        ||    57
  Use: Potion            ||     2
Armor: Robe              ||     6
Dodge: Dodged            ||    12
Block: Buckler           ||     3

Table legend: (Time is in decaauts)
 A = Elapsed time spent in this place.
 B = Non-inter-level travel time spent in this place.
 C = Inter-level travel time spent in this place.
 D = Time resting spent in this place.
 E = Time spent auto-exploring this place.
 F = Levels seen in this place.
 G = Mean time per level.
                   A        B        C        D        E       F      G
               +--------+--------+--------+--------+--------+-----+--------+
         Total |   1402 |   1377 |     25 |     25 |   1211 |   2 |  701.0 |
       Dungeon |   1402 |   1377 |     25 |     25 |   1211 |   2 |  701.0 |
               +--------+--------+--------+--------+--------+-----+--------+

Top non-repeatable levels by time:
     D:1: 1164 daAuts
     D:2: 237 daAuts
